 Dungeon Crawl Stone Soup version 0.25.1-2-g60ff931df9 (webtiles) character file.

Game seed: 12363289271690729444

2144 solopath the Carver (level 9, -2/61 HPs)
             Began as a Demonspawn Gladiator on Oct 28, 2020.
             Was a Believer of Hepliaklqana.
             Slain by a two-headed ogre
             ... wielding a +0 giant club
              (13 damage)
             ... on level 10 of the Dungeon.
             The game lasted 00:11:43 (6869 turns).

solopath the Carver (Demonspawn Gladiator)          Turns: 6869, Time: 00:11:44

Health: -2/61      AC: 12    Str: 16    XL:     9   Next: 9%
Magic:  9/9        EV: 13    Int: 13    God:    Hepliaklqana [**....]
Gold:   560        SH:  0    Dex: 23    Spells: 8/8 levels left

rFire    + . .     SeeInvis .   a - +0 long sword
rCold    + . .     Gourm    .   (no shield)
rNeg     . . .     Faith    .   b - +0 leather armour
rPois    .         Spirit   .   c - +0 helmet
rElec    .         Reflect  .   (no cloak)
rCorr    .         Harm     .   (no gloves)
MR       .....                  J - +0 pair of boots
Stlth    ++........             u - amulet of regeneration
HPRegen  0.60/turn              i - +4 ring of protection
MPRegen  0.11/turn              x - +6 ring of dexterity

@: no status effects
A: reduced essence, claws 1, talons 1, slimy green scales 1, agile 1, cold
resistance 1, fire resistance 1, sense surroundings 1, spiny 1, strong 1
a: Recall Ancestor, Ancestor Identity, Renounce Religion


You were on level 10 of the Dungeon.
You worshipped Hepliaklqana.
Hepliaklqana was pleased with you.
You were not hungry.

You visited 2 branches of the dungeon, and saw 11 of its levels.
You also visited: Sewer.

You collected 560 gold pieces.

Inventory:

Hand Weapons
 a - a +0 long sword (weapon)
Missiles
 d - 2 throwing nets (quivered)
Armour
 b - a +0 leather armour (worn)
 c - a +0 helmet (worn)
 J - a +0 pair of boots (worn)
Jewellery
 i - a +4 ring of protection (left claw)
 j - an uncursed ring of protection from cold
 k - an uncursed ring of stealth
 l - an uncursed ring of positive energy
 u - an amulet of regeneration (around neck)
 x - a +6 ring of dexterity (right claw)
 G - an uncursed amulet of guardian spirit
 L - an uncursed amulet of guardian spirit
Wands
 C - a wand of iceblast (11)
 D - a wand of random effects (19)
Scrolls
 e - 3 scrolls of enchant armour {unknown}
 h - 6 scrolls of identify
 o - 2 scrolls of silence {unknown}
 r - 2 scrolls of immolation {unknown}
 s - 8 scrolls of remove curse {unknown}
 v - a scroll of amnesia {unknown}
 w - 2 scrolls of teleportation {unknown}
 y - a scroll of fog {unknown}
 A - a scroll of magic mapping
 B - 2 scrolls of noise {unknown}
 K - a scroll of enchant weapon {unknown}
 N - a scroll of blinking {unknown}
Potions
 g - a potion of might
 m - 3 potions of lignification
 n - 3 potions of heal wounds
 p - a potion of berserk rage {unknown}
 q - 2 potions of stabbing {unknown}
 t - 2 potions of curing {unknown}
 z - a potion of flight {unknown}
 E - a potion of invisibility {unknown}
 F - a potion of mutation
 H - a potion of ambrosia {unknown}
 I - a potion of haste
Comestibles
 f - 22 rations


   Skills:
 + Level 5.6 Fighting
 * Level 8.8 Long Blades
 - Level 1.7 Throwing
 + Level 4.5 Armour
 - Level 2.6 Dodging
 - Level 2.0 Stealth


You had 8 spell levels left.
You didn't know any spells.
Your spell library contained the following spells:

 Spells                   Type           Power        Failure   Level  Hunger
 Animate Skeleton         Necr           N/A          36%         1    ##.....
 Apportation              Tloc           #.....       36%         1    ##.....
 Corona                   Hex            #......      36%         1    ##.....
 Sandblast                Erth           #.....       36%         1    ##.....
 Summon Small Mammal      Summ           #...         36%         1    ##.....
 Ensorcelled Hibernation  Hex/Ice        #.....       50%         2    ###....
 Passwall                 Tmut/Erth      #.......     50%         2    ###....
 Confusing Touch          Hex            #.......     73%         3    ####...
 Dazzling Flash           Conj/Hex       #.....       73%         3    ####...
 Stone Arrow              Conj/Erth      #.....       73%         3    ####...
 Tukima's Dance           Hex            #.......     73%         3    ####...
 Petrify                  Tmut/Erth      #.......     98%         4    #####..
 Lee's Rapid Deconstruct  Erth           #.........   100%        5    ######.


Dungeon Overview and Level Annotations

Branches:
Dungeon (11/15)            Temple (1/1) D:5            Lair (0/6) D:8
  Sewer (visited)
    Orc: D:9-12

Altars:
Ashenzari
Cheibriados
Dithmenos
Elyvilon
Fedhas
Gozag
Hepliaklqana
Kikubaaqudgha
Makhleb
Nemelex Xobeh
Qazlal
Ru
Sif Muna
Trog
Uskayaw
Vehumet
Wu Jian
Xom
Yredelemnul
Zin
The Shining One


Innate Abilities, Weirdness & Mutations

You have sharp fingernails.
You are partially covered in slimy green scales. (AC +2)
Your flesh is heat resistant. (rF+)
You are partially covered in sharp spines.
Your life essence is reduced to manifest your ancestor. (-10% HP)
You have sharp toenails.
You are agile. (Dex +2)
Your flesh is cold resistant. (rC+)
You passively map a small area around you.
Your muscles are strong. (Str +2)


Message History

The two-headed ogre hits you with a +0 giant club.
You completely miss the two-headed ogre.
The two-headed ogre is lightly wounded.
You slash the two-headed ogre!
The two-headed ogre is moderately wounded.
The two-headed ogre hits you with a +0 giant club!! x2
* * * LOW HITPOINT WARNING * * *
You slash the two-headed ogre!
The two-headed ogre is heavily wounded.
The two-headed ogre is struck by your spines.
The two-headed ogre misses you.
You riposte.
You barely miss the two-headed ogre.
The two-headed ogre is heavily wounded.
The two-headed ogre hits you with a +0 giant club!
* * * LOW HITPOINT WARNING * * *
You hit the two-headed ogre.
The two-headed ogre is heavily wounded.
The two-headed ogre hits you but does no damage.
The two-headed ogre hits you with a +0 giant club!
You die...

, #...# , ,
+...# *
#...# ,
###+##...# *
#.....>..# ,
#...##...#
,, #.. #...#
, ,
#...##...# *
#...SO@..# ,
#...##.$.# *
* .....
#...#
....,,,....#
, .## #...#
, #...# , **
* ,, #...# ,
*#...# , ,


You could see a two-headed ogre and an adder.

Vanquished Creatures
  A wraith (D:11)
  Purgy (Sewer)
  2 orc warriors (D:8)
  A sky beast (D:8)
  2 ice beasts
  A phantom (D:4)
  An ogre (D:7)
  A big kobold (D:8)
  2 bullfrogs (D:10)
  A scorpion (D:7)
  A howler monkey (D:4)
  2 crimson imps
  3 hounds
  2 orc priests
  2 jellies
  A gnoll shaman (D:4)
  An iguana (D:4)
  3 worker ants
  A hound zombie (D:5)
  8 gnolls
  6 adders
  2 shadow imps (D:6)
  An adder skeleton (D:4)
  2 adder zombies
  7 worms
  3 dart slugs
  5 leopard geckos
  18 orcs
  4 giant cockroaches
  10 goblins
  6 hobgoblins
  7 jackals
  9 kobolds
  2 quokkas
  4 ball pythons
  13 bats
  8 frilled lizards
  A leopard gecko skeleton (D:5)
  A quokka skeleton (D:4)
  A rat (D:3)
147 creatures vanquished.

Vanquished Creatures (collateral kills)
  An ice beast (D:6)
  A phantom (D:6)
  A centaur zombie (D:6)
  A crimson imp (D:5)
  An orc priest (D:8)
  2 kobolds (D:8)
7 creatures vanquished.

Vanquished Creatures (others)
  A hexer (D:10)
1 creature vanquished.

Grand Total: 155 creatures vanquished

Notes
Turn   | Place    | Note
-------+----------+-------------------------------------------
     0 | D:1      | solopath the Demonspawn Gladiator began the quest for the
                  | Orb.
     0 | D:1      | Reached XP level 1. HP: 16/16 MP: 1/1
   208 | D:1      | Reached skill level 3 in Long Blades
   323 | D:1      | Gained mutation: You are partially covered in slimy green
                  | scales. (AC +2) [demonic ancestry]
   323 | D:1      | Reached XP level 2. HP: 22/22 MP: 2/2
   716 | D:2      | Reached XP level 3. HP: 24/27 MP: 3/3
   763 | D:2      | Reached skill level 4 in Long Blades
   909 | D:2      | Gained mutation: You possess an exceptional clarity of
                  | mind. [potion of mutation]
   909 | D:2      | Gained mutation: Your muscles are strong. (Str +2) [potion
                  | of mutation]
   909 | D:2      | Gained mutation: You are agile. (Dex +2) [potion of
                  | mutation]
   909 | D:2      | Gained mutation: You are very agile. (Dex +4) [potion of
                  | mutation]
   912 | D:2      | Reached XP level 4. HP: 16/33 MP: 4/4
  1198 | D:2      | Found a shimmering blue altar of Sif Muna.
  1198 | D:2      | Found a radiant altar of Vehumet.
  1201 | D:2      | Found a blossoming altar of Fedhas.
  1201 | D:2      | Found a shattered altar of Ashenzari.
  1629 | D:3      | Found a glowing drain.
  1637 | D:3      | Reached skill level 5 in Long Blades
  1648 | Sewer    | Entered a sewer
  1687 | Sewer    | Noticed Purgy
  1709 | Sewer    | Killed Purgy
  1709 | Sewer    | Reached XP level 5. HP: 22/38 MP: 5/5
  1847 | Sewer    | Lost mutation: You possess an exceptional clarity of mind.
                  | [potion of mutation]
  1847 | Sewer    | Lost mutation: You are very agile. (Dex +4) [potion of
                  | mutation]
  1847 | Sewer    | Gained mutation: You passively map a small area around you.
                  | [potion of mutation]
  1847 | Sewer    | Gained mutation: You have sharp toenails. [potion of
                  | mutation]
  1847 | Sewer    | Gained mutation: Your flesh is cold resistant. (rC+)
                  | [potion of mutation]
  1971 | D:3      | Found a glowing golden altar of the Shining One.
  2615 | D:4      | Reached XP level 6. HP: 44/44 MP: 6/6
  2740 | D:4      | Reached skill level 1 in Armour
  2781 | D:4      | Reached skill level 6 in Long Blades
  3380 | D:4      | Gained mutation: Your flesh is heat resistant. (rF+)
                  | [demonic ancestry]
  3380 | D:4      | Reached XP level 7. HP: 52/52 MP: 7/7
  3457 | D:5      | Entered Level 5 of the Dungeon
  3752 | D:5      | Found a staircase to the Ecumenical Temple.
  3803 | Temple   | Entered the Ecumenical Temple
  4049 | Temple   | Became a worshipper of Hepliaklqana the Forgotten
  4580 | D:6      | Found an opulent altar of Gozag.
  4582 | D:6      | Found a glowing golden altar of the Shining One.
  4584 | D:6      | Found a snail-covered altar of Cheibriados.
  4584 | D:6      | Found a basalt altar of Yredelemnul.
  4708 | D:6      | Reached * piety under Hepliaklqana
  4775 | D:6      | Reached skill level 7 in Long Blades
  5173 | D:6      | Gained mutation: You are partially covered in sharp spines.
                  | [demonic ancestry]
  5173 | D:6      | Reached XP level 8. HP: 43/54 MP: 8/8
  5274 | D:6      | Found an ornate altar of the Wu Jian Council.
  5526 | D:7      | Found a glowing silver altar of Zin.
  6295 | D:8      | Found a staircase to the Lair.
  6295 | D:8      | Reached ** piety under Hepliaklqana
  6296 | D:8      | Remembered your ancestor Dracula as a hexer
  6331 | D:8      | Reached skill level 8 in Long Blades
  6350 | D:8      | Reached skill level 5 in Fighting
  6435 | D:8      | Found a sacrificial altar of Ru.
  6652 | D:8      | You fall into a shaft and drop 3 floors!
  6777 | D:11     | Gained mutation: You have sharp fingernails. [demonic
                  | ancestry]
  6777 | D:11     | Reached XP level 9. HP: 56/61 MP: 9/9
  6846 | D:10     | Entered Level 10 of the Dungeon
  6855 | D:10     | Noticed a two-headed ogre
  6869 | D:10     | Slain by a two-headed ogre

Illustrated notes

Levels and vault maps discovered:
D:1:      evilmike_arrival_grusome_pit, layout_rooms
D:2:      layout_rooms, chequers_temple_overflow_statue_of_worship
D:3:      layout_loops_ring, cheibrodos_sewer_entry_bend, tso_metal_star
D:4:      minmay_door_path, layout_loops_ring, first_ration
D:5:      layout_basic, minmay_temple_entry_offerings, kennysheep_windowed_goal
D:6:      layout_gridville, old_standard_altar, grunt_temple_overflow_open
D:7:      layout_basic, zin_statuary, minivault_24, grunt_ogre_cave
D:8:      layout_gridville, overflow_temple_1_default, lair_entry_dummy
D:10:     layout_gridville
D:11:     layout_rooms, orc_0_dummy
Temple:   jpeg_temple_alley_garden

Skill      XL: |  1  2  3  4  5  6  7  8 |
---------------+-------------------------+-----
Long Blades    | 3 4 5 6 7 8 |  8.8
Stealth        | 2 |  2.0
Armour         | 1 3 4 |  4.5
Fighting       | 3 4 5 |  5.6
Throwing       | |  1.7
Dodging        | |  2.6

Action                   |  1- 3 |  4- 6 |  7- 9 || total
-------------------------+-------+-------+-------++-------
Melee: Long sword        |    91 |   174 |   170 ||   435
       Kick              |       |    46 |    28 ||    74
Throw: Throwing net      |       |     4 |       ||     4
Invok: Recall Ancestor   |       |       |     2 ||     2
       Ancestor Identity |       |       |     2 ||     2
       Ancestor Life: He |       |       |     1 ||     1
  Use: Potion            |     1 |     2 |     2 ||     5
       Scroll            |       |     2 |       ||     2
 Stab: Held in net/web   |       |     1 |       ||     1
       Sleeping          |       |     8 |     8 ||    16
       Distracted        |       |       |     2 ||     2
  Eat: Chunk             |       |     8 |    11 ||    19
Armor: Leather armour    |    51 |    61 |    44 ||   156
Dodge: Dodged            |    89 |   120 |    88 ||   297
       Rpst.: Long sword |    38 |    35 |    26 ||    99
